 Dungeon Crawl Stone Soup version 0.31-a0-233-g139696dc86 (webtiles) character file.

Game seed: 7498374174298753439

227 qw the Shooter (level 5, -1/45 HPs)
             Began as a Minotaur Hexslinger on July 7, 2023.
             Slain by Edmund
             ... wielding a +3 dire flail of protection
              (7 damage)
             ... on level 4 of the Dungeon.
             The game lasted 00:01:03 (2201 turns).

qw the Shooter (Minotaur Hexslinger)                Turns: 2201, Time: 00:01:04

Health: -1/45      AC:  6    Str: 13    XL:     5   Next: 70%
Magic:  5/5        EV: 11    Int: 10    God:
Gold:   180        SH:  0    Dex: 14    Spells: 5/6 levels left

rFire   + . .        Y - +3 sling
rCold   . . .        (no shield)
rNeg    . . .        e - +0 ring mail
rPois   .            (helmet restricted)
rElec   .            (no cloak)
rCorr   .            (no gloves)
SInv    .            c - +0 pair of boots
Will    .....        b - amulet of regeneration
Stlth   +            j - ring of protection from fire
HPRegen 1.07/turn    (no ring)
MPRegen 0.09/turn

%: no passive effects
@: no status effects
A: horns 2, retaliatory headbutt
a: no special abilities


You were on level 4 of the Dungeon.
You visited 1 branch of the dungeon, and saw 4 of its levels.

You collected 180 gold pieces.


Innate Abilities, Weirdness & Mutations

You have a pair of horns on your head.
You reflexively headbutt those who attack you in melee.


   Skills:
 - Level 3.4 Fighting
 + Level 5.7 Ranged Weapons
 - Level 1.1 Armour
 - Level 2.1 Dodging
 - Level 1.0 Spellcasting
 - Level 2.0 Hexes


You had 5 spell levels left.
You knew the following spells:

 Your Spells              Type           Power      Damage    Failure   Level
a - Slow                  Hex            16%        N/A       32%         1

Your spell library contained the following spells:

 Spells                   Type           Power      Damage    Failure   Level
 Inner Flame              Hex/Fire       2%         N/A       82%         3
 Portal Projectile        Hex/Tloc       4%         N/A       82%         3
 Cause Fear               Hex            2%         N/A       97%         4

Inventory:

Hand Weapons
 Y - a +3 sling (weapon)
Armour
 c - a +0 pair of boots (worn)
 e - a +0 ring mail (worn)
Jewellery
 b - an amulet of regeneration (around neck)
 j - a ring of protection from fire (left hand)
Scrolls
 g - a scroll of identify
Potions
 d - 2 potions of haste
 f - a potion of resistance
 k - a potion of might
 l - a potion of curing {unknown}
 n - a potion of enlightenment {unknown}
 p - a potion of mutation {unknown}

Dungeon Overview and Level Annotations

Branches:
Dungeon (4/15)
 Temple: D:4-7

Altars:
Hepliaklqana
Uskayaw

Annotations:
D:4 Edmund


Message History

You shoot a sling bullet. The sling bullet closely misses Edmund.
Edmund asks, "Have you met my wondrous brother?"
You shoot a sling bullet. The sling bullet barely misses Edmund.
Edmund hits you with a +3 dire flail of protection.
You shoot a sling bullet.
The sling bullet hits Edmund but does no damage.
Edmund hits you with a +3 dire flail of protection!
You shoot a sling bullet. The sling bullet barely misses Edmund.
Edmund hits you with a +3 dire flail of protection!
You shoot a sling bullet.
The sling bullet hits Edmund but does no damage.
Edmund misses you.
Edmund hits you with a +3 dire flail of protection!
You shoot a sling bullet. The sling bullet hits Edmund.
Edmund is lightly wounded.
Edmund says, "You wouldn't believe how much I paid for this flail."
Edmund completely misses you.
You shoot a sling bullet.
The sling bullet hits Edmund but does no damage.
Edmund is lightly wounded.
Edmund barely misses you.
You shoot a sling bullet. The sling bullet hits Edmund.
Edmund is lightly wounded.
Edmund hits you with a +3 dire flail of protection.
You shoot a sling bullet.
The sling bullet completely misses Edmund.
Edmund says, "Everyone always remembers my brother. 'Who's Edmund?' they ask!"
Edmund hits you with a +3 dire flail of protection. x2
You shoot a sling bullet. The sling bullet hits Edmund.
Edmund is moderately wounded.
Edmund barely misses you.
You shoot a sling bullet. The sling bullet hits Edmund.
Edmund is moderately wounded.
Edmund misses you. You furiously retaliate!
You headbutt Edmund. You shoot a sling bullet.
The sling bullet barely misses Edmund.
Edmund hits you with a +3 dire flail of protection!
You shoot a sling bullet. The sling bullet hits Edmund.
Edmund is heavily wounded.
Edmund hits you with a +3 dire flail of protection!
You die...

.......# ......#
.....#
....################
..............>....
....# #######.###.
#@..# #.# #. #@..#
#.# #.
#...#########.# #.
#...##........###(
#......#####.....#
#......# ..#...#.#
#......# #.#...#.#
#...##.# #.#......
######.# #<.)....#
#.# #.#.....#


You could see Edmund.

Vanquished Creatures
  A sleepcap (D:3)
  Natasha (thrice) (D:3)
  2 orc wizards (D:3)
  An adder (D:2)
  2 dart slugs
  5 orcs
  6 ball pythons
  9 bats
  6 endoplasms
  3 giant cockroaches
  3 goblins
  3 hobgoblins
  7 kobolds
  3 quokkas
  A frilled lizard (D:1)
  10 rats
65 creatures vanquished.

Notes
Turn   | Place    | Note
-------+----------+-------------------------------------------
     0 | D:1      | qw the Minotaur Hexslinger began the quest for the Orb.
     0 | D:1      | Reached XP level 1. HP: 16/16 MP: 1/1
     0 | D:1      | 0 ||| qw: Version: 0.3-a-46-gb1f654a
     0 | D:1      | 0 ||| qw: Game counter: 3255
     0 | D:1      | 0 ||| qw: Melee chars always use a shield: true
     0 | D:1      | 0 ||| qw: God list: Okawaru
     0 | D:1      | 0 ||| qw: Allow faded altars: false
     0 | D:1      | 0 ||| qw: Do Orc after clearing Dungeon:15 true
     0 | D:1      | 0 ||| qw: Do second Lair branch before Depths: true
     0 | D:1      | 0 ||| qw: Lair rune preference: random
     0 | D:1      | 0 ||| qw: Goals: Normal
     0 | D:1      | 0 ||| PLANNING D:1-11
   104 | D:1      | Reached skill level 3 in Ranged Weapons
   125 | D:1      | Reached XP level 2. HP: 23/23 MP: 2/2
   194 | D:1      | HP: 6/24 [dart slug/slug dart (5)]
   664 | D:1      | 664 ||| UPGRADING to +0 ring mail.
   674 | D:1      | 674 ||| DROPPING +0 robe.
   675 | D:1      | 675 ||| UPGRADING to ring of protection from fire.
   676 | D:1      | 676 ||| READING scroll labelled SUCYLY WOHAICIYRCH.
   677 | D:1      | 677 ||| READING 3 scrolls labelled ANOGRA IGHUO.
   678 | D:1      | 678 ||| READING scroll labelled UQEGIBBULU.
   679 | D:1      | 679 ||| READING 2 scrolls of identify.
   679 | D:1      | 679 ||| IDENTIFYING murky orange potion
   680 | D:1      | 680 ||| DROPPING scroll of poison.
   681 | D:1      | 681 ||| DROPPING potion of ambrosia.
   802 | D:2      | Reached XP level 3. HP: 29/29 MP: 3/3
  1038 | D:2      | Found a faded altar of an unknown god.
  1199 | D:2      | Reached skill level 4 in Ranged Weapons
  1264 | D:2      | Reached skill level 1 in Armour
  1515 | D:2      | 1515 ||| UPGRADING to amulet of regeneration.
  1520 | D:2      | 1520 ||| READING 2 scrolls labelled JYTSUOMUTO.
  1521 | D:2      | 1521 ||| DROPPING scroll of fear.
  1620 | D:3      | Noticed Natasha
  1622 | D:3      | 1622 ||| Stepping ~*~*~tactically~*~*~ (outnumbered).
  1628 | D:3      | Killed Natasha
  1629 | D:3      | Reached XP level 4. HP: 29/36 MP: 4/4
  1630 | D:3      | 1630 ||| FLEEEEING.
  1707 | D:3      | Found a hide-covered altar of Uskayaw.
  1869 | D:3      | Found a hazy altar of Hepliaklqana.
  1924 | D:3      | Noticed Natasha
  1931 | D:3      | Killed Natasha
  1932 | D:3      | Reached skill level 5 in Ranged Weapons
  1943 | D:3      | Noticed Natasha
  1951 | D:3      | Killed Natasha
  1952 | D:3      | Reached XP level 5. HP: 32/42 MP: 5/5
  1992 | D:3      | 1992 ||| UPGRADING to +0 pair of boots.
  1997 | D:3      | 1997 ||| READING scroll labelled QUSI ZUCORRI.
  2015 | D:3      | 2015 ||| READING scroll labelled VETOED FOFIFF.
  2016 | D:3      | 2016 ||| READING scroll labelled JUCRAIC HEMMO.
  2017 | D:3      | 2017 ||| DRINKING 3 inky potions.
  2018 | D:3      | 2018 ||| READING 4 scrolls of identify.
  2018 | D:3      | 2018 ||| IDENTIFYING fuming puce potion
  2019 | D:3      | 2019 ||| READING 3 scrolls of identify.
  2019 | D:3      | 2019 ||| IDENTIFYING ruby potion
  2020 | D:3      | 2020 ||| READING 2 scrolls of identify.
  2020 | D:3      | 2020 ||| IDENTIFYING grey potion
  2021 | D:3      | 2021 ||| DROPPING potion of attraction.
  2022 | D:3      | 2022 ||| DROPPING potion of brilliance.
  2040 | D:4      | 2040 ||| STAIRDANCE
  2050 | D:4      | 2050 ||| STAIRDANCE
  2053 | D:3      | HP: 10/42 [sleepcap (6)]
  2060 | D:3      | Reached skill level 3 in Fighting
  2061 | D:3      | HP: 11/45 [orc/+0 flail (3)]
  2110 | D:4      | 2110 ||| STAIRDANCE
  2140 | D:4      | 2140 ||| READING scroll of enchant weapon.
  2140 | D:4      | 2140 ||| ENCHANTING +2 sling.
  2185 | D:4      | Noticed Edmund
  2200 | D:4      | HP: 5/45 [Edmund/+3 dire flail of protection (11)]
  2201 | D:4      | Slain by Edmund

Levels and vault maps discovered:
D:1:      spicycebolla_arrival_clurvy, layout_loops_ring, nicolae_titane
D:2:      cheibrodos_helix_gallery, layout_loops_corners,
          shapermc_ecumenical_altar_ellora
D:3:      layout_rooms, nzn_hepliaklqana_mist_gate,
          nicolae_overflow_crystal_walls, uniq_natasha
D:4:      black_bear_nest_1, layout_basic, vehumet_crystals,
          gammafunk_ghost_split, uniq_edmund

Skill      XL: |  1  2  3  4  5 |
---------------+----------------+-----
Ranged Weapons | 3 4 5 |  5.7
Fighting       | 2 3 |  3.4
Armour         | 1 |  1.1
Dodging        | |  2.1
Spellcasting   | |  1.0
Hexes          | |  2.0

Action                     |  1- 3 |  4- 6 || total
---------------------------+-------+-------++-------
   Fire: Sling             |   147 |    80 ||   227
    Use: Scroll            |     5 |     7 ||    12
         Potion            |       |     1 ||     1
 Armour: Robe              |     5 |       ||     5
         Ring mail         |    14 |    25 ||    39
  Dodge: Dodged            |    42 |    35 ||    77

Table legend:
 A = Non-vault XP
 B = Vault XP
 C = Vault XP percentage of total XP
 D = Non-vault monster count
 E = Vault monster count
 F = Vault count percentage of total count
                 A         B        C        D         E       F
            +---------+---------+-------+---------+---------+-------
      Total |     286 |      39 |  12.0 |      62 |       3 |   4.6
            +---------+---------+-------+---------+---------+-------
        D:1 |      33 |       0 |   0.0 |      18 |       0 |   0.0
        D:2 |      41 |       4 |   8.9 |      20 |       2 |   9.1
        D:3 |     210 |      35 |  14.3 |      23 |       1 |   4.2
        D:4 |       2 |       0 |   0.0 |       1 |       0 |   0.0
            +---------+---------+-------+---------+---------+-------
